 Dungeon Crawl Stone Soup version 0.18.1-48-g4cf74bf (webtiles) character file.

72 Gargoyl the Skirmisher (level 4, -1/36 HPs)
             Began as a Demonspawn Abyssal Knight on Sept 12, 2016.
             Was a Believer of Lugonu.
             Slain by an adder (3 damage)
             ... on level 2 of the Dungeon.
             The game lasted 00:03:16 (2001 turns).

Gargoyl the Skirmisher (Demonspawn Abyssal Knight)  Turns: 2001, Time: 00:03:17

Health: -1/36      AC: 10    Str: 13    XL:     4   Next: 6%
Magic:  6/6        EV:  9    Int: 14    God:    Lugonu [**....]
Gold:   84         SH:  0    Dex: 12    Spells: 0 memorised, 3 levels left

rFire  . . .     SeeInvis .     a - +1 hand axe
rCold  . . .     Gourm    .     h - +0 scale mail
rNeg   . . .     Faith    .     (no shield)
rPois  .         Spirit   .     d - +1 hat
rElec  .         Dismiss  .     (no cloak)
rCorr  .         Reflect  .     (no gloves)
SustAt .         Harm     .     f - +0 pair of boots (curse)
MR     .....                    (no amulet)
Stlth  ..........               (no ring)
                                (no ring)

@: lethally poisoned (-1 -> -10), not resistant to hostile enchantments,
extremely unstealthy
A: claws 1, slimy green scales 1
a: Depart the Abyss, Bend Space, Renounce Religion


You were on level 2 of the Dungeon.
You worshipped Lugonu.
Lugonu was pleased with you.
You were not hungry.

You visited 1 branch of the dungeon, and saw 3 of its levels.
You visited the Abyss 1 time.

You collected 84 gold pieces.

Inventory:

Hand Weapons
 a - a +1 hand axe (weapon)
 k - a +0 trident
Armour
 d - a +1 hat (worn)
 f - a cursed +0 pair of boots (worn)
 h - a +0 scale mail (worn)
Scrolls
 e - 2 scrolls of remove curse {unknown}
 g - a scroll of identify {unknown}
 o - a scroll of enchant weapon {unknown}
 p - a scroll of teleportation {unknown}
Potions
 b - a potion of might {unknown}
 i - a potion of heal wounds {unknown}
 j - a potion of cure mutation {unknown}
 l - a potion of resistance {unknown}
 n - a potion of curing {unknown}
Comestibles
 c - 2 bread rations


   Skills:
 + Level 3.6 Fighting
 + Level 2.0 Axes
 * Level 2.7 Armour
 + Level 1.5 Dodging
 + Level 0.4 Stealth
 + Level 2.8 Invocations


You had 3 spell levels left.
You didn't know any spells.

Dungeon Overview and Level Annotations

Branches:
Dungeon (3/15)

Altars:

Annotations:
D:3 Antonin's ghost, amateur HEHu


Innate Abilities, Weirdness & Mutations

You have sharp fingernails.
You are partially covered in slimy green scales (AC +2).


Message History

You feel sick. The adder barely misses you.
You miss the adder.
The adder is almost dead.
You feel sick. The adder misses you. The adder bites you but does no damage.
You closely miss the adder.
The adder is almost dead.
You feel sick. The adder bites you.
* * * LOW HITPOINT WARNING * * *
The adder bites you but does no damage.
You miss the adder.
The adder is almost dead.
The adder bites you.
* * * LOW HITPOINT WARNING * * *
You are more poisoned.
The adder poisons you!
You barely miss the adder.
The adder is almost dead.
* * * LOW HITPOINT WARNING * * *
You feel sick. The adder bites you.
You die...

#..... #.....
############ #.....
#..........#######.....
#..........'.....+.....
#..........#######.....
#..........# #.....
########
#....S.....#######.....
#......#
#.....@....'...........
#.####.#
#...)......####........
#...##.####..........#
#.....###
###.##.#.........#####
#.....#
#.##.#.........#
#.....#
#.##.'.........#
#######
#.####........##
♣♣♣♣♣♣♣♣ #.#
#.........# ♣♣......♣♣
#.# #.........#
♣♣...≈≈...♣♣


You could see an adder.

Vanquished Creatures
  2 adders (D:2)
  An ooze (D:2)
  A dart slug (D:2)
  3 giant geckos
  5 giant cockroaches
  6 goblins
  6 hobgoblins
  2 kobolds
  6 bats
  5 giant newts
  8 rats
45 creatures vanquished.

Vanquished Creatures (others)
  2 starspawn tentacles (Abyss:1)
2 creatures vanquished.

Grand Total: 47 creatures vanquished

Notes
Turn   | Place    | Note
--------------------------------------------------------------
     0 | Abyss:1  | Gargoyl the Demonspawn Abyssal Knight began the quest for the Orb.
     0 | Abyss:1  | Reached XP level 1. HP: 18/18 MP: 2/2
    15 | Abyss:1  | Noticed a large abomination
    43 | Abyss:1  | Noticed a tentacled starspawn
    85 | D:1      | Escaped the Abyss
   332 | D:1      | Reached * piety under Lugonu
   332 | D:1      | Reached skill level 1 in Dodging
   346 | D:1      | Gained mutation: You have sharp fingernails. [demonic ancestry]
   346 | D:1      | Reached XP level 2. HP: 24/24 MP: 3/3
  1196 | D:2      | Reached XP level 3. HP: 29/29 MP: 5/5
  1379 | D:2      | Reached ** piety under Lugonu
  1782 | D:3      | Gained mutation: You are partially covered in slimy green scales (AC +2). [demonic ancestry]
  1782 | D:3      | Reached XP level 4. HP: 35/35 MP: 6/6
  1791 | D:3      | Noticed Antonin's ghost (amateur HEHu)
  2001 | D:2      | Slain by an adder

Skill      XL: |  1  2 |
---------------+-------+-----
Dodging        | 1 |  1.5
Axes           | 2 |  2.0
Armour         | 2 |  2.7
Fighting       | |  3.6
Stealth        | |  0.4
Invocations    | |  2.8

Action                   |  1- 3 |  4- 6 || total
-------------------------+-------+-------++-------
Melee: Hand axe          |   123 |    23 ||   146
Invok: Depart the Abyss  |     1 |       ||     1
  Eat: Chunk             |     3 |     1 ||     4
Armor: Leather armour    |    12 |       ||    12
       Scale mail        |    56 |    15 ||    71
Dodge: Dodged            |    68 |    12 ||    80
